woodfighter, neutral female human Healer ----- --------- #+.%..# ------- ------ |........##%########|.^^|# |f....-########.....| |.......| #|...|# ##aH'.^.|# # |....| |.......| #-----# # # |.....|# ###|....| |..<....| ##%#######%#-------------### -------# #+..>.| |.......-%^### # ### |`.........`|######`I##[# |....| |.......| # # |.....`.....-# ------ ---.----- # ### |...--.--...| ###### ) # |...|.{.|...| # # ##[..`|{.{|`..| ## # |...|.{.|...| ----+----------[ |...-----...| |.............|# |.....`.....| |.............|# |`.........`| |..............# ------------- --------------- woodfighter the Embalmer Experience level: 7 Strength: 9 Dexterity: 11 Constitution: 15 Intelligence: 11 Wisdom: 19 Charisma: 16 Health: 0(59) Energy: 48(75) Def: 5 Gold: 1484 Moves: 4416 Dungeon seed: JstjyR1MNAJUwAxX Game ID: woodfighter_1510167050 Your Inventory: Coins $ - 1484 gold pieces Amulets z - an uncursed amulet versus poison (being worn) Weapons a - a +0 scalpel f - a cursed -1 knife t - 24 +4 darts u - a blessed +0 dart F - 4 +0 darts G - a +0 dwarvish spear M - 15 blessed +1 darts (in quiver) R - a +0 knife X - a +0 spear (weapon in hand) Armor e - a blessed +1 pair of leather gloves (being worn) n - an uncursed +1 dwarvish cloak q - a cursed -1 pair of elven boots N - a cursed -1 pair of levitation boots U - an uncursed +0 leather armor (being worn) V - an uncursed +0 Hawaiian shirt W - an uncursed +0 robe Y - an uncursed +0 Hawaiian shirt (being worn) Z - an uncursed +0 cloak of invisibility (being worn) Comestibles l - 5 blessed eucalyptus leaves m - a blessed sprig of wolfsbane p - 4 uncursed apples r - an uncursed cram ration K - an uncursed tripe ration O - an uncursed lichen corpse Q - 3 uncursed food rations Scrolls c - an uncursed scroll of enchant armor d - 2 uncursed scrolls of identify i - an uncursed scroll of remove curse o - an uncursed scroll of stinking cloud s - an uncursed scroll of scare monster E - an uncursed scroll of light H - a cursed scroll of teleportation L - an uncursed scroll of punishment T - a cursed scroll of identify Potions j - a blessed potion of gain energy k - 3 uncursed potions of hallucination P - an uncursed potion of blindness Rings A - a cursed ring of teleportation B - a cursed -1 ring of adornment C - a cursed ring of fire resistance D - an uncursed ring of conflict Wands h - a wand of sleep (0:6) S - a wand of speed monster (0:6) Tools b - an uncursed stethoscope g - a blessed oil lamp (0:1308) v - an uncursed blindfold y - an uncursed skeleton key Spells and supernatural/magical abilities: Name Level Category Fail Memory h - healing 1 healing 0% 78% x - extra healing 3 healing 14% 78% S - stone to flesh 3 healing 30% 78% W - pray for help -- divine ? -- Your skills at the end: Miscellaneous Skills wands [Basic] Weapon Skills knife [Basic] spear [Basic] Spellcasting Skills healing spells [Basic] Final Attributes: You were fervently aligned. You were poison resistant. You were telepathic. You were invisible. You were held by a rope golem. You are dead. Vanquished creatures: a small mimic 2 winter wolf cubs 3 giant spiders 2 dogs a jaguar a dust vortex 2 Mordor orcs 2 Uruk-hai 2 fog clouds a violet fungus 2 gnome lords a black naga hatchling a straw golem 7 giant ants a puppy a floating eye a dwarf 2 iguanas a rabid rat 2 jitterbugs 2 dwarf zombies 7 killer bees 2 coyotes 2 hobbits 3 geckos a hobgoblin 2 giant rats a brown mold 2 yellow molds a red mold a gnome a gnome zombie 2 jackals a fox a kobold 3 newts 2 goblins 2 sewer rats 4 grid bugs 6 lichens 3 kobold zombies 85 creatures vanquished. Voluntary challenges: You had followed a strict vegan diet until turn 1811. You had followed a strict vegetarian diet until turn 1904. You did not have reflection. You were not displaced. You used a wielded weapon 248 times, starting on turn 189. You did not apply a unicorn horn. You did not use plumbed fixtures. You did not drink any magical draughts. You were illiterate. You never genocided any monsters. You never polymorphed an object. You never changed form. You used no wishes. You never split a pudding. You never wrote Elbereth's name. You violated your moral code, losing 3 points of alignment, starting on turn 3574. Dungeon overview: The Dungeons of Doom: levels 1 to 10 Level 1 (vault) a long staircase Level 2 a potion shop, a fountain Level 3 a jewelry store stairs to The Gnomish Mines Level 4 an altar to Poseidon Level 5 an armor shop, a fountain Level 6 a fountain Level 7 a scroll shop Level 8 some fountains Level 9 <- You were here many fountains Level 10 The Gnomish Mines: Level 4 stairs to The Dungeons of Doom History has recorded: On T:1 you entered the Dungeons of Doom to retrieve the Amulet of Yendor! On T:94 you reached level 2 of The Dungeons of Doom. On T:398 you reached level 3 of The Dungeons of Doom. On T:490 you reached level 1 of The Gnomish Mines. On T:692 you reached level 4 of The Dungeons of Doom. On T:736 you advanced to experience level 2. On T:870 you advanced to experience level 3. On T:909 you reached level 5 of The Dungeons of Doom. On T:1373 you prayed to Hermes. On T:1382 you advanced to experience level 4. On T:1516 you reached level 6 of The Dungeons of Doom. On T:1721 you advanced to experience level 5. On T:2335 you reached level 7 of The Dungeons of Doom. On T:2774 you reached level 8 of The Dungeons of Doom. On T:2846 you reached level 9 of The Dungeons of Doom. On T:3131 you advanced to experience level 6. On T:3685 you advanced to experience level 7. On T:3938 you reached level 10 of The Dungeons of Doom. On T:4410 you prayed to Hermes. Score breakdown: Gold: 0 ( 0 points) Experience: 7 levels ( 600 points) Exploration: 10 levels ( 270 points) Discoveries: 26 items ( 1300 points) Variety of kills: 41 monsters ( 2000 points) Major goal: (nothing yet) ( 0 points) Survival: died (score multiplied by 3) Total score: 12510 Latest messages: You begin praying to Hermes. You are surrounded by a shimmering light. The rope golem loosens its grip slightly. Kitty misses the giant. (2x) The giant starts to attack you, but pulls back. Kitty misses the giant. The rope golem loosens its grip slightly. Kitty misses the giant. You feel that Hermes is pleased. You feel much better. You cannot escape from the rope golem! The rope golem claws you! (2x) You are being choked. The giant punches you! Kitty misses the giant beetle. (2x) You cannot escape from the rope golem! The rope golem claws you! (2x) You are being choked. Kitty misses the giant beetle. You cannot escape from the rope golem! The giant beetle misses kitty. The giant punches you! Kitty bites the giant beetle. The rope golem claws you! (2x) You are being choked. You die... Final status: Goodbye woodfighter the Healer, killed by a rope golem... You died in The Dungeons of Doom on dungeon level 9 with 12510 points, and 1484 pieces of gold, after 4416 moves. You were level 7 with a maximum of 59 hit points when you died.